Sharks vs Canucks

Created - October-25-14 at 10:24

Goals
1 2 3 T
Sharks 2 1 0 3
Canucks 2 1 1 4
Shots
1 2 3 T
Sharks 12 3 6 21
Canucks 6 9 16 31

1st period

1. Canucks , Justin Braun 1 (Nazem Kadri, Brent Burns) at 2:40
2. Sharks , Kyle Turris 4 (Matt Niskanen, Tyler Bozak) at 4:28 (PP)
3. Canucks , Nazem Kadri 3 (Brent Burns, Erik Karlsson) at 9:56
4. Sharks , Viktor Stalberg 2 (Michael Kostka, Matt Beleskey) at 19:01

Penalties :
Justin Braun (VAN) for Holding (Minor) at 4:00, Erik Karlsson (VAN) for Hooking (Minor) at 17:00, Cory Sarich (SJS) for Hooking (Minor) at 19:06

2nd period

5. Canucks , Marcus Kruger 1 (Justin Braun) at 1:24
6. Sharks , Tyler Bozak 5 (Michael Kostka) at 3:14

Penalties :
Michael Kostka (SJS) for Interference (Minor) at 3:47, P.K. Subban (VAN) for Hooking (Minor) at 7:02

3rd period

7. Canucks , Phil Kessel 2 (P.K. Subban, Andrei Markov) at 10:57

Penalties :
Jannik Hansen (SJS) for Tripping (Minor) at 5:31, Drew Stafford (SJS) for Tripping (Minor) at 7:58, Justin Falk (SJS) for High sticking (Minor) at 10:58, Erik Karlsson (VAN) for Slashing (Minor) at 14:36

Goalie Stats

Martin Brodeur (SJS), 27 saves from 31 shots - (0.871), L, 1-4-0, 58:42 minutes
Henrik Lundqvist (VAN), 18 saves from 21 shots - (0.857), W, 6-2-0, 60:00 minutes

Players Stats for Sharks

Player Name              G  A  P  +/- PIM S  H  SB GA TA FO     MP     PP MP  PK MP  
------------------------------------------------------------------------------------
Andrew Shaw              0  0  0  -2  0   2  0  0  0  0  0/4    17:44   2:50   1:12 
Chris Butler             0  0  0   0  0   0  0  0  0  0  2/3     7:25   0:00   0:00 
Cory Sarich              0  0  0  -1  2   0  1  0  0  0  0/0    13:04   0:00   0:00 
Drew Stafford            0  0  0  -1  2   2  1  0  0  0  0/2    11:33   0:12   0:47 
Jannik Hansen            0  0  0   1  2   0  4  0  0  0  2/7    19:46   2:42   5:28 
Jordan Leopold           0  0  0   1  0   0  0  2  0  0  0/0    20:33   2:40   5:16 
Justin Falk              0  0  0   0  2   2  1  0  0  0  1/1     8:55   0:12   0:57 
Kyle Quincey             0  0  0  -1  0   0  3  2  0  0  0/0    18:06   0:00   4:39 
Kyle Turris              1  0  1  -2  0   2  1  0  0  0  8/13   18:13   3:23   0:47 
Martin Havlat            0  0  0   1  0   0  1  0  0  0  1/1    15:41   3:43   0:00 
Matt Beleskey            0  1  1  -2  0   0  0  0  0  0  1/1    16:12   2:30   0:00 
Matt Niskanen            0  1  1  -2  0   4  2  1  0  0  0/0    25:52   3:33   4:43 
Michael Kostka           0  2  2   1  2   3  1  3  0  0  0/0    19:31   2:40   4:15 
Rich Peverley            0  0  0  -1  0   0  0  0  0  0  5/9    13:15   0:12   2:28 
Rob Klinkhammer          0  0  0  -1  0   1  0  0  0  0  0/1    13:03   0:00   2:28 
Tyler Bozak              1  1  2   1  0   3  1  0  0  0  11/21  22:21   3:43   6:40 
Viktor Stalberg          1  0  1   0  0   1  0  0  0  0  6/10    7:25   0:00   0:00 
Vyacheslav Voynov        0  0  0  -2  0   1  5  2  0  0  0/0    21:21   3:45   0:00 

Players Stats for Canucks

Player Name              G  A  P  +/- PIM S  H  SB GA TA FO     MP     PP MP  PK MP  
------------------------------------------------------------------------------------
Adam Henrique            0  0  0  -1  0   1  2  0  0  0  5/7    19:46   5:08   2:35 
Alex Pietrangelo         0  0  0   0  0   3  0  0  0  0  0/0    21:28   3:55   2:55 
Andrei Markov            0  1  1   1  0   0  1  0  0  0  0/0    16:23   0:00   3:30 
Brent Burns              0  2  2   1  0   3  0  0  0  0  1/1    17:24   6:00   0:00 
Chris Kreider            0  0  0   2  0   0  1  0  0  0  0/1     5:36   0:00   0:00 
Claude Giroux            0  0  0   0  0   1  3  0  0  0  15/25  19:55   4:47   0:00 
Dmitry Kulikov           0  0  0  -1  0   0  0  0  0  0  0/0     2:53   0:00   0:00 
Erik Karlsson            0  1  1   0  4   3  0  0  0  0  0/0    20:39   6:00   0:34 
Jonas Brodin             0  0  0   2  0   1  0  2  0  0  0/0    16:32   0:00   2:45 
Justin Braun             1  1  2   2  2   1  3  2  0  0  0/0    16:31   0:00   3:06 
Logan Couture            0  0  0  -1  0   2  0  0  0  0  1/10   20:56   4:47   4:37 
Marcus Kruger            1  0  1   2  0   2  0  0  0  0  6/14    9:52   0:00   3:55 
Nazem Kadri              1  1  2   1  0   3  2  0  0  0  1/1    16:32   5:08   0:00 
P.K. Subban              0  1  1   0  2   1  1  0  0  0  0/0    19:30   3:55   0:00 
Phil Kessel              1  0  1   1  0   2  1  0  0  0  0/0    16:58   0:00   0:00 
Ryan Johansen            0  0  0   0  0   3  3  0  0  0  2/2    19:34   4:47   0:00 
Ryan OReilly             0  0  0   0  0   4  0  0  0  0  2/4    21:38   5:08   1:43 
Vladimir Sobotka         0  0  0   1  0   1  0  0  0  0  3/8    11:24   0:00   0:00 

3 Stars

1 - Justin Braun (VAN)
2 - Nazem Kadri (VAN)
3 - Tyler Bozak (SJS)

Power Play

Sharks - 1 on 4 Attempt(s) - 25.00%
Canucks - 0 on 5 Attempt(s) - 0.00%

Penalty Kill

Sharks - 5 on 5 Attempt(s) - 100.00% - Score 0 goal in Penalty Kill
Canucks - 3 on 4 Attempt(s) - 75.00% - Score 0 goal in Penalty Kill

Official

Referees : Mark Lemelin and Mike Leggo
Linesman : Pierre Racicot and Greg Devorski

Game Notes

No Game Note

Finance

Level 1 -- Attendance: 6500 (100.00%) -- Ticket Income $520,000
Level 2 -- Attendance: 4982 (99.64%) -- Ticket Income $323,830
Level 3 -- Attendance: 3431 (98.03%) -- Ticket Income $171,550
Level 4 -- Attendance: 2860 (100.00%) -- Ticket Income $71,500
Luxury Box -- Attendance: 641 (64.10%) -- Ticket Income $160,250
Game was played at the Rogers Arena
Total Attendance: 18414 (97.64%)
Total Ticket Income: $1,247,130
Other Income: $187,070
Total Income: $1,434,200

% Time on Ice - Sharks

Lines # - Real PCT - Wanted PCT - Time Play
Normal Forward
1 - 27% - 33% - 11:37
2 - 31% - 30% - 13:20
3 - 25% - 20% - 10:35
4 - 17% - 17% - 7:25
Normal Defense
1 - 40% - 45% - 17:15
2 - 29% - 35% - 12:37
3 - 30% - 20% - 13:05
4 - 0% - 0% - 0:00
PP Forward
1 - 58% - 60% - 3:43
2 - 42% - 40% - 2:42
PP Defense
1 - 58% - 60% - 3:45
2 - 42% - 40% - 2:40
PK Forward
1 - 75% - 60% - 7:27
2 - 25% - 40% - 2:28
PK Defense
1 - 47% - 60% - 4:39
2 - 53% - 40% - 5:16
PK3 Forward
1 - 0% - 60%
2 - 0% - 40%
PK3 Defense
1 - 0% - 60%
2 - 0% - 40%
44 Forward
1 - 0% - 60%
2 - 0% - 40%
44 Defense
1 - 0% - 60%
2 - 0% - 40%
Last Minute Offensive  - 0:43
Last Minute Defensive  - 0:00
Total
Forward - 60:00
Defense - 60:00

% Time on Ice - Canucks

Lines # - Real PCT - Wanted PCT - Time Play
Normal Forward
1 - 34% - 34% - 14:47
2 - 27% - 31% - 11:32
3 - 26% - 25% - 11:24
4 - 13% - 10% - 5:26
Normal Defense
1 - 33% - 34% - 14:07
2 - 30% - 32% - 12:53
3 - 31% - 25% - 13:26
4 - 6% - 9% - 2:43
PP Forward
1 - 48% - 60% - 4:47
2 - 52% - 40% - 5:08
PP Defense
1 - 61% - 62% - 6:00
2 - 39% - 38% - 3:55
PK Forward
1 - 77% - 60% - 4:56
2 - 23% - 40% - 1:29
PK Defense
1 - 55% - 50% - 3:30
2 - 45% - 50% - 2:55
PK3 Forward
1 - 0% - 60%
2 - 0% - 40%
PK3 Defense
1 - 0% - 60%
2 - 0% - 40%
44 Forward
1 - 0% - 52%
2 - 0% - 48%
44 Defense
1 - 0% - 51%
2 - 0% - 49%
Last Minute Offensive  - 0:00
Last Minute Defensive  - 0:31
Total
Forward - 60:00
Defense - 60:00

Play by Play

1st period


0:01 of 1st period - Ryan Johansen wins face-off versus Tyler Bozak in neutral zone.
0:38 of 1st period - Matt Niskanen is hit by Ryan Johansen and loses puck.
0:44 of 1st period - Icing by Tyler Bozak.
0:45 of 1st period - Tyler Bozak wins face-off versus Logan Couture in Sharks zone.
0:45 of 1st period - Tyler Bozak is hit by Phil Kessel.
0:51 of 1st period - P.K. Subban is hit by Jannik Hansen and loses puck.
2:38 of 1st period - Shot by Nazem Kadri.
2:38 of 1st period - Shot Blocked by Kyle Quincey.
2:40 of 1st period - Shot by Justin Braun.
2:40 of 1st period - Goal by Justin Braun - Sharks : 0 - Canucks : 1.
2:41 of 1st period - Claude Giroux wins face-off versus Chris Butler in neutral zone.
2:44 of 1st period - Shot by Erik Karlsson.
2:44 of 1st period - Stopped by Martin Brodeur without a rebound.
2:45 of 1st period - Claude Giroux wins face-off versus Viktor Stalberg in Sharks zone.
2:45 of 1st period - Claude Giroux is hit by Vyacheslav Voynov.
3:04 of 1st period - Icing by Vyacheslav Voynov.
3:05 of 1st period - Marcus Kruger wins face-off versus Viktor Stalberg in Sharks zone.
3:12 of 1st period - Marcus Kruger is hit by Justin Falk and loses puck.
3:26 of 1st period - Icing by P.K. Subban.
3:27 of 1st period - Kyle Turris wins face-off versus Marcus Kruger in Canucks zone.
3:27 of 1st period - Kyle Turris is hit by P.K. Subban.
3:31 of 1st period - Shot by Andrew Shaw.
3:31 of 1st period - Stopped by Henrik Lundqvist without a rebound.
3:32 of 1st period - Kyle Turris wins face-off versus Vladimir Sobotka in Canucks zone.
3:54 of 1st period - Kyle Turris is hit by Justin Braun and loses puck.
4:00 of 1st period - Minor Penalty to Justin Braun for Holding.
4:01 of 1st period - Kyle Turris wins face-off versus Marcus Kruger in Canucks zone.
4:28 of 1st period - Shot by Kyle Turris.
4:28 of 1st period - Goal by Kyle Turris - Sharks : 1 - Canucks : 1.
4:29 of 1st period - Viktor Stalberg wins face-off versus Claude Giroux in neutral zone.
4:57 of 1st period - Off-side.
4:58 of 1st period - Tyler Bozak wins face-off versus Logan Couture in neutral zone.
5:33 of 1st period - Shot by Logan Couture.
5:33 of 1st period - Stopped by Martin Brodeur without a rebound.
5:34 of 1st period - Claude Giroux wins face-off versus Kyle Turris in Sharks zone.
5:46 of 1st period - Icing by Kyle Quincey.
5:47 of 1st period - Kyle Turris wins face-off versus Vladimir Sobotka in Sharks zone.
6:20 of 1st period - Shot by Kyle Turris.
6:20 of 1st period - Shot Blocked by Jonas Brodin.
7:28 of 1st period - Erik Karlsson is hit by Vyacheslav Voynov and loses puck.
7:39 of 1st period - Erik Karlsson is hit by Martin Havlat and loses puck.
8:22 of 1st period - Icing by Michael Kostka.
8:23 of 1st period - Rich Peverley wins face-off versus Logan Couture in Sharks zone.
8:54 of 1st period - Kyle Quincey is hit by Adam Henrique and loses puck.
9:03 of 1st period - Shot by Phil Kessel.
9:03 of 1st period - Stopped by Martin Brodeur without a rebound.
9:04 of 1st period - Chris Butler wins face-off versus Chris Kreider in Sharks zone.
9:09 of 1st period - Kyle Quincey is hit by Chris Kreider and loses puck.
9:25 of 1st period - Phil Kessel is hit by Cory Sarich and loses puck.
9:38 of 1st period - Shot by Chris Kreider.
9:38 of 1st period - Shot Misses the Net.
9:54 of 1st period - Shot by Brent Burns.
9:54 of 1st period - Stopped by Martin Brodeur with a rebound.
9:56 of 1st period - Shot by Nazem Kadri.
9:56 of 1st period - Goal by Nazem Kadri - Sharks : 1 - Canucks : 2.
9:57 of 1st period - Claude Giroux wins face-off versus Tyler Bozak in neutral zone.
11:38 of 1st period - Shot by Kyle Turris.
11:38 of 1st period - Shot Hit the Post.
13:17 of 1st period - Shot by Tyler Bozak.
13:17 of 1st period - Stopped by Henrik Lundqvist without a rebound.
13:18 of 1st period - Ryan OReilly wins face-off versus Kyle Turris in Canucks zone.
13:23 of 1st period - Shot by Ryan Johansen.
13:23 of 1st period - Shot Misses the Net.
13:36 of 1st period - Shot by Andrew Shaw.
13:36 of 1st period - Shot Misses the Net.
13:38 of 1st period - Shot by Andrew Shaw.
13:38 of 1st period - Deflect By Kyle Turris.
13:38 of 1st period - Shot Misses the Net.
13:46 of 1st period - Shot by Kyle Turris.
13:46 of 1st period - Stopped by Henrik Lundqvist with a rebound.
14:15 of 1st period - Icing by Justin Braun.
14:16 of 1st period - Rich Peverley wins face-off versus Claude Giroux in Canucks zone.
14:27 of 1st period - Shot by Rob Klinkhammer.
14:27 of 1st period - Stopped by Henrik Lundqvist with a rebound.
14:29 of 1st period - Shot by Rich Peverley.
14:29 of 1st period - Shot Misses the Net.
14:47 of 1st period - Shot by Drew Stafford.
14:47 of 1st period - Stopped by Henrik Lundqvist with a rebound.
15:14 of 1st period - Off-side.
15:15 of 1st period - Kyle Turris wins face-off versus Logan Couture in neutral zone.
15:38 of 1st period - Shot by Kyle Turris.
15:38 of 1st period - Shot Misses the Net.
16:09 of 1st period - Icing by Michael Kostka.
16:10 of 1st period - Brent Burns wins face-off versus Kyle Turris in Sharks zone.
16:38 of 1st period - Icing by Nazem Kadri.
16:39 of 1st period - Tyler Bozak wins face-off versus Vladimir Sobotka in Canucks zone.
16:46 of 1st period - Shot by Tyler Bozak.
16:46 of 1st period - Shot Misses the Net.
17:00 of 1st period - Minor Penalty to Erik Karlsson for Hooking.
17:01 of 1st period - Tyler Bozak wins face-off versus Marcus Kruger in Canucks zone.
18:13 of 1st period - Shot by Andrew Shaw.
18:13 of 1st period - Shot Misses the Net.
18:15 of 1st period - Shot by Michael Kostka.
18:15 of 1st period - Shot Misses the Net.
18:17 of 1st period - Shot by Michael Kostka.
18:17 of 1st period - Stopped by Henrik Lundqvist with a rebound.
18:35 of 1st period - Shot by Drew Stafford.
18:35 of 1st period - Stopped by Henrik Lundqvist without a rebound.
18:36 of 1st period - Tyler Bozak wins face-off versus Marcus Kruger in Canucks zone.
18:39 of 1st period - Shot by Andrew Shaw.
18:39 of 1st period - Shot Blocked by Justin Braun.
18:51 of 1st period - Shot by Matt Niskanen.
18:51 of 1st period - Stopped by Henrik Lundqvist with a rebound.
18:53 of 1st period - Shot by Vyacheslav Voynov.
18:53 of 1st period - Shot Misses the Net.
18:55 of 1st period - Shot by Matt Niskanen.
18:55 of 1st period - Stopped by Henrik Lundqvist with a rebound.
18:57 of 1st period - Shot by Matt Niskanen.
18:57 of 1st period - Stopped by Henrik Lundqvist without a rebound.
18:58 of 1st period - Matt Beleskey wins face-off versus Ryan OReilly in Canucks zone.
18:59 of 1st period - Shot by Michael Kostka.
18:59 of 1st period - Shot Misses the Net.
19:01 of 1st period - Shot by Viktor Stalberg.
19:01 of 1st period - Goal by Viktor Stalberg - Sharks : 2 - Canucks : 2.
19:02 of 1st period - Claude Giroux wins face-off versus Viktor Stalberg in neutral zone.
19:06 of 1st period - Minor Penalty to Cory Sarich for Hooking.
19:07 of 1st period - Adam Henrique wins face-off versus Jannik Hansen in Sharks zone.
Goals for this period are 2 for Sharks vs 2 for Canucks.
Shots for this period are 12 for Sharks vs 6 for Canucks.

2nd period


0:01 of 2nd period - Claude Giroux wins face-off versus Tyler Bozak in neutral zone.
0:34 of 2nd period - Shot by Logan Couture.
0:34 of 2nd period - Shot Hit the Post.
0:36 of 2nd period - Shot by Erik Karlsson.
0:36 of 2nd period - Shot Misses the Net.
0:40 of 2nd period - Shot by Logan Couture.
0:40 of 2nd period - Shot Misses the Net.
0:42 of 2nd period - Shot by Erik Karlsson.
0:42 of 2nd period - Shot Misses the Net.
1:10 of 2nd period - Shot by Phil Kessel.
1:10 of 2nd period - Deflect By Chris Kreider.
1:10 of 2nd period - Shot Misses the Net.
1:24 of 2nd period - Shot by Marcus Kruger.
1:24 of 2nd period - Goal by Marcus Kruger - Sharks : 2 - Canucks : 3.
1:25 of 2nd period - Vladimir Sobotka wins face-off versus Rich Peverley in neutral zone.
3:14 of 2nd period - Shot by Tyler Bozak.
3:14 of 2nd period - Goal by Tyler Bozak - Sharks : 3 - Canucks : 3.
3:15 of 2nd period - Justin Falk wins face-off versus Claude Giroux in neutral zone.
3:39 of 2nd period - Claude Giroux is hit by Michael Kostka.
3:45 of 2nd period - Michael Kostka is hit by Ryan Johansen and loses puck.
3:47 of 2nd period - Minor Penalty to Michael Kostka for Interference.
3:48 of 2nd period - Claude Giroux wins face-off versus Jannik Hansen in Sharks zone.
3:48 of 2nd period - P.K. Subban is hit by Kyle Quincey and loses puck.
4:02 of 2nd period - Claude Giroux is hit by Kyle Quincey and loses puck.
4:09 of 2nd period - Shot by Claude Giroux.
4:09 of 2nd period - Shot Misses the Net.
4:11 of 2nd period - Shot by Alex Pietrangelo.
4:11 of 2nd period - Stopped by Martin Brodeur without a rebound.
4:12 of 2nd period - Jannik Hansen wins face-off versus Adam Henrique in Sharks zone.
4:25 of 2nd period - Shot by Tyler Bozak.
4:25 of 2nd period - Shot Misses the Net.
4:27 of 2nd period - Shot by Justin Falk.
4:27 of 2nd period - Stopped by Henrik Lundqvist without a rebound.
4:28 of 2nd period - Adam Henrique wins face-off versus Jannik Hansen in Canucks zone.
4:28 of 2nd period - Adam Henrique is hit by Jannik Hansen.
4:51 of 2nd period - Shot by Alex Pietrangelo.
4:51 of 2nd period - Shot Misses the Net.
4:59 of 2nd period - Shot by Adam Henrique.
4:59 of 2nd period - Shot Misses the Net.
5:01 of 2nd period - Shot by Ryan OReilly.
5:01 of 2nd period - Stopped by Martin Brodeur without a rebound.
5:02 of 2nd period - Claude Giroux wins face-off versus Rich Peverley in Sharks zone.
6:33 of 2nd period - Icing by Jonas Brodin.
6:34 of 2nd period - Tyler Bozak wins face-off versus Marcus Kruger in Canucks zone.
6:34 of 2nd period - Matt Niskanen is hit by Justin Braun and loses puck.
7:02 of 2nd period - Minor Penalty to P.K. Subban for Hooking.
7:03 of 2nd period - Tyler Bozak wins face-off versus Marcus Kruger in Canucks zone.
7:08 of 2nd period - Shot by Tyler Bozak.
7:08 of 2nd period - Shot Blocked by Jonas Brodin.
7:18 of 2nd period - Kyle Turris is hit by Adam Henrique and loses puck.
8:03 of 2nd period - Shot by Matt Niskanen.
8:03 of 2nd period - Stopped by Henrik Lundqvist with a rebound.
9:11 of 2nd period - Shot by Drew Stafford.
9:11 of 2nd period - Shot Misses the Net.
10:46 of 2nd period - Icing by Matt Niskanen.
10:47 of 2nd period - Viktor Stalberg wins face-off versus Logan Couture in Sharks zone.
10:59 of 2nd period - Logan Couture is hit by Vyacheslav Voynov and loses puck.
11:11 of 2nd period - Logan Couture is hit by Vyacheslav Voynov and loses puck.
11:22 of 2nd period - Shot by Adam Henrique.
11:22 of 2nd period - Deflect By Logan Couture.
11:22 of 2nd period - Stopped by Martin Brodeur with a rebound.
11:24 of 2nd period - Shot by Jonas Brodin.
11:24 of 2nd period - Shot Misses the Net.
11:26 of 2nd period - Shot by Jonas Brodin.
11:26 of 2nd period - Stopped by Martin Brodeur without a rebound.
11:27 of 2nd period - Vladimir Sobotka wins face-off versus Tyler Bozak in Sharks zone.
11:33 of 2nd period - Icing by Michael Kostka.
11:34 of 2nd period - Claude Giroux wins face-off versus Tyler Bozak in Sharks zone.
13:00 of 2nd period - Shot by Kyle Turris.
13:00 of 2nd period - Shot Misses the Net.
14:33 of 2nd period - Shot by Brent Burns.
14:33 of 2nd period - Shot Misses the Net.
14:35 of 2nd period - Shot by Brent Burns.
14:35 of 2nd period - Stopped by Martin Brodeur without a rebound.
14:36 of 2nd period - Martin Havlat wins face-off versus Claude Giroux in Sharks zone.
14:59 of 2nd period - Shot by Alex Pietrangelo.
14:59 of 2nd period - Stopped by Martin Brodeur with a rebound.
15:01 of 2nd period - Shot by Erik Karlsson.
15:01 of 2nd period - Shot Misses the Net.
15:45 of 2nd period - Matt Niskanen is hit by Nazem Kadri and loses puck.
15:49 of 2nd period - Vyacheslav Voynov is hit by Nazem Kadri and loses puck.
15:59 of 2nd period - Kyle Turris is hit by Justin Braun and loses puck.
16:58 of 2nd period - Off-side.
16:59 of 2nd period - Viktor Stalberg wins face-off versus Claude Giroux in neutral zone.
17:01 of 2nd period - Off-side.
17:02 of 2nd period - Viktor Stalberg wins face-off versus Ryan OReilly in neutral zone.
17:37 of 2nd period - Shot by Erik Karlsson.
17:37 of 2nd period - Shot Misses the Net.
17:52 of 2nd period - Icing by Justin Falk.
17:53 of 2nd period - Chris Butler wins face-off versus Logan Couture in Sharks zone.
18:21 of 2nd period - Shot by Adam Henrique.
18:21 of 2nd period - Shot Misses the Net.
18:23 of 2nd period - Shot by Logan Couture.
18:23 of 2nd period - Shot Blocked by Vyacheslav Voynov.
18:28 of 2nd period - Adam Henrique is hit by Vyacheslav Voynov.
19:13 of 2nd period - Shot by Nazem Kadri.
19:13 of 2nd period - Shot Misses the Net.
19:15 of 2nd period - Shot by Brent Burns.
19:15 of 2nd period - Shot Misses the Net.
19:17 of 2nd period - Shot by Nazem Kadri.
19:17 of 2nd period - Deflect By Brent Burns.
19:17 of 2nd period - Shot Misses the Net.
19:43 of 2nd period - Shot by Claude Giroux.
19:43 of 2nd period - Shot Misses the Net.
19:45 of 2nd period - Shot by Ryan OReilly.
19:45 of 2nd period - Stopped by Martin Brodeur with a rebound.
19:47 of 2nd period - Shot by Ryan OReilly.
19:47 of 2nd period - Shot Blocked by Michael Kostka.
19:49 of 2nd period - Shot by Ryan OReilly.
19:49 of 2nd period - Stopped by Martin Brodeur without a rebound.
19:50 of 2nd period - Marcus Kruger wins face-off versus Drew Stafford in Sharks zone.
Goals for this period are 1 for Sharks vs 1 for Canucks.
Shots for this period are 3 for Sharks vs 9 for Canucks.

3rd period


0:01 of 3rd period - Tyler Bozak wins face-off versus Logan Couture in neutral zone.
0:18 of 3rd period - Icing by Logan Couture.
0:19 of 3rd period - Kyle Turris wins face-off versus Logan Couture in Canucks zone.
0:29 of 3rd period - Icing by Phil Kessel.
0:30 of 3rd period - Logan Couture wins face-off versus Tyler Bozak in Canucks zone.
0:30 of 3rd period - Logan Couture is hit by Jannik Hansen.
1:32 of 3rd period - Shot by Kyle Turris.
1:32 of 3rd period - Shot Misses the Net.
1:35 of 3rd period - Icing by Andrei Markov.
1:36 of 3rd period - Claude Giroux wins face-off versus Drew Stafford in Canucks zone.
2:48 of 3rd period - Icing by Michael Kostka.
2:49 of 3rd period - Kyle Turris wins face-off versus Logan Couture in Sharks zone.
4:05 of 3rd period - Shot by Vladimir Sobotka.
4:05 of 3rd period - Stopped by Martin Brodeur with a rebound.
4:07 of 3rd period - Shot by Brent Burns.
4:07 of 3rd period - Deflect By Vladimir Sobotka.
4:07 of 3rd period - Shot Misses the Net.
4:09 of 3rd period - Shot by Nazem Kadri.
4:09 of 3rd period - Stopped by Martin Brodeur without a rebound.
4:10 of 3rd period - Viktor Stalberg wins face-off versus Claude Giroux in Sharks zone.
4:10 of 3rd period - Viktor Stalberg is hit by Ryan Johansen.
4:27 of 3rd period - Icing by P.K. Subban.
4:28 of 3rd period - Claude Giroux wins face-off versus Rich Peverley in Canucks zone.
4:28 of 3rd period - Claude Giroux is hit by Drew Stafford.
4:35 of 3rd period - Shot by Ryan Johansen.
4:35 of 3rd period - Shot Blocked by Vyacheslav Voynov.
4:37 of 3rd period - Shot by Ryan Johansen.
4:37 of 3rd period - Stopped by Martin Brodeur with a rebound.
4:39 of 3rd period - Shot by P.K. Subban.
4:39 of 3rd period - Shot Misses the Net.
4:57 of 3rd period - Drew Stafford is hit by Claude Giroux and loses puck.
5:23 of 3rd period - Icing by Alex Pietrangelo.
5:24 of 3rd period - Tyler Bozak wins face-off versus Vladimir Sobotka in Canucks zone.
5:29 of 3rd period - Icing by Erik Karlsson.
5:30 of 3rd period - Vladimir Sobotka wins face-off versus Tyler Bozak in Canucks zone.
5:30 of 3rd period - Vladimir Sobotka is hit by Jannik Hansen.
5:31 of 3rd period - Minor Penalty to Jannik Hansen for Tripping.
5:32 of 3rd period - Adam Henrique wins face-off versus Andrew Shaw in Sharks zone.
6:09 of 3rd period - Shot by Erik Karlsson.
6:09 of 3rd period - Shot Blocked by Jordan Leopold.
6:41 of 3rd period - Shot by P.K. Subban.
6:41 of 3rd period - Stopped by Martin Brodeur without a rebound.
6:42 of 3rd period - Ryan Johansen wins face-off versus Andrew Shaw in Sharks zone.
7:05 of 3rd period - Kyle Quincey is hit by Claude Giroux.
7:15 of 3rd period - Shot by Kyle Turris.
7:15 of 3rd period - Shot Misses the Net.
7:17 of 3rd period - Shot by Kyle Quincey.
7:17 of 3rd period - Shot Misses the Net.
7:19 of 3rd period - Shot by Kyle Turris.
7:19 of 3rd period - Deflect By Drew Stafford.
7:19 of 3rd period - Shot Misses the Net.
7:45 of 3rd period - Shot by Chris Butler.
7:45 of 3rd period - Deflect By Justin Falk.
7:45 of 3rd period - Stopped by Henrik Lundqvist without a rebound.
7:46 of 3rd period - Rich Peverley wins face-off versus Vladimir Sobotka in Canucks zone.
7:58 of 3rd period - Minor Penalty to Drew Stafford for Tripping.
7:59 of 3rd period - Adam Henrique wins face-off versus Jannik Hansen in Sharks zone.
8:30 of 3rd period - Shot by Nazem Kadri.
8:30 of 3rd period - Shot Misses the Net.
8:38 of 3rd period - Shot by Erik Karlsson.
8:38 of 3rd period - Stopped by Martin Brodeur with a rebound.
8:40 of 3rd period - Shot by Brent Burns.
8:40 of 3rd period - Stopped by Martin Brodeur without a rebound.
8:41 of 3rd period - Rich Peverley wins face-off versus Claude Giroux in Sharks zone.
9:05 of 3rd period - Claude Giroux is hit by Kyle Quincey and loses puck.
9:16 of 3rd period - Shot by Ryan Johansen.
9:16 of 3rd period - Stopped by Martin Brodeur without a rebound.
9:17 of 3rd period - Adam Henrique wins face-off versus Jannik Hansen in Sharks zone.
9:20 of 3rd period - Shot by Ryan OReilly.
9:20 of 3rd period - Stopped by Martin Brodeur with a rebound.
9:22 of 3rd period - Shot by Erik Karlsson.
9:22 of 3rd period - Stopped by Martin Brodeur with a rebound.
9:24 of 3rd period - Shot by Erik Karlsson.
9:24 of 3rd period - Shot Misses the Net.
9:26 of 3rd period - Shot by Erik Karlsson.
9:26 of 3rd period - Deflect By Nazem Kadri.
9:26 of 3rd period - Shot Blocked by Jordan Leopold.
9:28 of 3rd period - Shot by Ryan OReilly.
9:28 of 3rd period - Shot Misses the Net.
10:13 of 3rd period - Icing by Vyacheslav Voynov.
10:14 of 3rd period - Marcus Kruger wins face-off versus Kyle Turris in Sharks zone.
10:42 of 3rd period - Marcus Kruger is hit by Matt Niskanen and loses puck.
10:57 of 3rd period - Shot by Phil Kessel.
10:57 of 3rd period - Goal by Phil Kessel - Sharks : 3 - Canucks : 4.
10:58 of 3rd period - Claude Giroux wins face-off versus Viktor Stalberg in neutral zone.
10:58 of 3rd period - Minor Penalty to Justin Falk for High sticking.
10:59 of 3rd period - Jannik Hansen wins face-off versus Claude Giroux in Sharks zone.
10:59 of 3rd period - Jannik Hansen is hit by Claude Giroux.
12:10 of 3rd period - Shot by Nazem Kadri.
12:10 of 3rd period - Stopped by Martin Brodeur without a rebound.
12:11 of 3rd period - Rich Peverley wins face-off versus Adam Henrique in Sharks zone.
12:42 of 3rd period - Shot by Ryan OReilly.
12:42 of 3rd period - Deflect By Nazem Kadri.
12:42 of 3rd period - Shot Blocked by Michael Kostka.
12:44 of 3rd period - Shot by Adam Henrique.
12:44 of 3rd period - Shot Blocked by Michael Kostka.
12:46 of 3rd period - Shot by Adam Henrique.
12:46 of 3rd period - Stopped by Martin Brodeur without a rebound.
12:47 of 3rd period - Claude Giroux wins face-off versus Rob Klinkhammer in Sharks zone.
12:50 of 3rd period - Shot by Ryan Johansen.
12:50 of 3rd period - Shot Blocked by Kyle Quincey.
12:52 of 3rd period - Shot by Claude Giroux.
12:52 of 3rd period - Shot Misses the Net.
12:56 of 3rd period - Shot by Erik Karlsson.
12:56 of 3rd period - Shot Blocked by Matt Niskanen.
12:58 of 3rd period - Shot by Erik Karlsson.
12:58 of 3rd period - Shot Misses the Net.
13:00 of 3rd period - Shot by Marcus Kruger.
13:00 of 3rd period - Stopped by Martin Brodeur without a rebound.
13:01 of 3rd period - Marcus Kruger wins face-off versus Kyle Turris in Sharks zone.
13:29 of 3rd period - Shot by Phil Kessel.
13:29 of 3rd period - Shot Misses the Net.
13:59 of 3rd period - Shot by Ryan Johansen.
13:59 of 3rd period - Stopped by Martin Brodeur without a rebound.
14:00 of 3rd period - Claude Giroux wins face-off versus Tyler Bozak in Sharks zone.
14:09 of 3rd period - Shot by Claude Giroux.
14:09 of 3rd period - Stopped by Martin Brodeur without a rebound.
14:10 of 3rd period - Tyler Bozak wins face-off versus Claude Giroux in Sharks zone.
14:36 of 3rd period - Minor Penalty to Erik Karlsson for Slashing.
14:37 of 3rd period - Marcus Kruger wins face-off versus Tyler Bozak in Canucks zone.
14:37 of 3rd period - Marcus Kruger is hit by Kyle Turris.
14:47 of 3rd period - Marcus Kruger is hit by Tyler Bozak and loses puck.
15:23 of 3rd period - Icing by Vyacheslav Voynov.
15:24 of 3rd period - Marcus Kruger wins face-off versus Andrew Shaw in Sharks zone.
15:25 of 3rd period - Shot by Logan Couture.
15:25 of 3rd period - Shot Misses the Net.
15:38 of 3rd period - Shot by Vyacheslav Voynov.
15:38 of 3rd period - Shot Blocked by Justin Braun.
15:40 of 3rd period - Shot by Vyacheslav Voynov.
15:40 of 3rd period - Stopped by Henrik Lundqvist without a rebound.
15:41 of 3rd period - Ryan OReilly wins face-off versus Andrew Shaw in Canucks zone.
16:17 of 3rd period - Matt Niskanen is hit by Andrei Markov and loses puck.
16:30 of 3rd period - Shot by Tyler Bozak.
16:30 of 3rd period - Stopped by Henrik Lundqvist without a rebound.
16:31 of 3rd period - Kyle Turris wins face-off versus Marcus Kruger in Canucks zone.
16:32 of 3rd period - Shot by Michael Kostka.
16:32 of 3rd period - Stopped by Henrik Lundqvist with a rebound.
16:34 of 3rd period - Shot by Michael Kostka.
16:34 of 3rd period - Shot Misses the Net.
16:36 of 3rd period - Shot by Michael Kostka.
16:36 of 3rd period - Stopped by Henrik Lundqvist without a rebound.
16:37 of 3rd period - Viktor Stalberg wins face-off versus Claude Giroux in Canucks zone.
16:56 of 3rd period - Shot by Ryan Johansen.
16:56 of 3rd period - Shot Misses the Net.
16:58 of 3rd period - Shot by Alex Pietrangelo.
16:58 of 3rd period - Stopped by Martin Brodeur without a rebound.
16:59 of 3rd period - Nazem Kadri wins face-off versus Rich Peverley in Sharks zone.
16:59 of 3rd period - Nazem Kadri is hit by Matt Niskanen.
17:07 of 3rd period - Shot by Brent Burns.
17:07 of 3rd period - Shot Misses the Net.
18:29 of 3rd period - Off-side.
18:30 of 3rd period - Claude Giroux wins face-off versus Tyler Bozak in neutral zone.
18:42 of 3rd period - Sharks, Martin Brodeur is pulled from the net.
19:38 of 3rd period - Shot by Andrew Shaw.
19:38 of 3rd period - Stopped by Henrik Lundqvist without a rebound.
19:39 of 3rd period - Tyler Bozak wins face-off versus Marcus Kruger in Canucks zone.
19:44 of 3rd period - Shot by Matt Niskanen.
19:44 of 3rd period - Shot Misses the Net.
19:46 of 3rd period - Shot by Matt Niskanen.
19:46 of 3rd period - Shot Misses the Net.
19:54 of 3rd period - Shot by Matt Niskanen.
19:54 of 3rd period - Shot Misses the Net.
19:56 of 3rd period - Shot by Tyler Bozak.
19:56 of 3rd period - Shot Misses the Net.
Goals for this period are 0 for Sharks vs 1 for Canucks.
Shots for this period are 6 for Sharks vs 16 for Canucks.


Output by the SimonT Hockey Simulator (STHS) for Stephane Roy -- Original Page W3C XHTML 1.0 Valid
Hockey Simulator - Hockey Simulation - Hockey Manager